 Dungeon Crawl Stone Soup version 0.28-b1-70-g80dc712255 (webtiles) character file.

Game seed: 7869592310598877758

106 pkoi the Conjurer (level 4, 0/33 HPs)
             Began as a Draconian Conjurer on Feb 3, 2022.
             Killed from afar by Sigmund (5 damage)
             ... with a puff of flame
             ... on level 2 of the Dungeon.
             The game lasted 00:02:05 (2393 turns).

pkoi the Conjurer (Draconian Conjurer)              Turns: 2393, Time: 00:02:05

Health: 0/33       AC:  5    Str: 10    XL:     4   Next: 55%
Magic:  4/8        EV: 12    Int: 20    God:
Gold:   47         SH:  0    Dex:  9    Spells: 6/9 levels left

rFire   . . .      SeeInvis .   a - +0 whip
rCold   . . .      Faith    .   (no shield)
rNeg    . . .      Spirit   .   (armour unavailable)
rPois   .          Reflect  .   (helmet restricted)
rElec   .          Harm     .   (no cloak)
rCorr   .          Rampage  .   (no gloves)
Will    .....                   (no boots)
Stlth   +.........              (no amulet)
HPRegen 0.11/turn               (no ring)
MPRegen 0.11/turn               (no ring)

@: confused
A: AC +5, unfitting armour, cold-blooded
a: no special abilities


You were on level 2 of the Dungeon.
You visited 1 branch of the dungeon, and saw 2 of its levels.

You collected 47 gold pieces.

Inventory:

Hand Weapons
 a - a +0 whip (weapon)
Scrolls
 b - 2 scrolls of identify {unknown}
 c - a scroll of summoning {unknown}


   Skills:
 - Level 1.7 Dodging
 - Level 1.7 Stealth
 + Level 3.0 Spellcasting
 * Level 5.4 Conjurations


You had 6 spell levels left.
You knew the following spells:

 Your Spells              Type           Power      Damage    Failure   Level
a - Magic Dart            Conj           96%        1d7       1%          1
b - Searing Ray           Conj           48%        2d6       2%          2

Your spell library contained the following spells:

 Spells                   Type           Power      Damage    Failure   Level
 Dazzling Flash           Conj/Hex       26%        N/A       14%         3
 Fulminant Prism          Conj/Hex       6%         3d7       43%         4
 Iskenderun's Mystic Bla  Conj/Tloc      13%        2d5       43%         4


Dungeon Overview and Level Annotations

Branches:
Dungeon (2/15)

Altars:

Shops:
D:1 :

Annotations:
D:2 Sigmund


Innate Abilities, Weirdness & Mutations

Your plain brown scales are hard. (AC +5)
You cannot fit into any form of body armour.
You are cold-blooded and may be slowed by cold attacks.


Message History

Confirm with . or Enter, or press ? or * to list all spells.
Aiming: Searing Ray (safe; 2% risk of failure)
Press: ? - help, Shift-Dir - straight line, f - Sigmund
Aim: Sigmund, wielding a +0 scythe, wearing a +1 robe of cold resistance and carrying a wand of flame (7) (asleep, 100% to hit)
The searing ray hits Sigmund.
Sigmund is lightly wounded.
Sigmund shouts! (Press . to maintain the ray.) Sigmund hits you from afar with a +0 scythe!
The searing ray hits Sigmund!
Sigmund is heavily wounded.
The searing ray hits Sigmund.
Sigmund is heavily wounded.
Sigmund drinks a potion.
Sigmund is healed!
The searing ray hits Sigmund.
Sigmund is heavily wounded.
You finish channelling your searing ray.
Sigmund barely misses you.
Sigmund hits you from afar with a +0 scythe.
Unknown command.
Sigmund zaps a wand.
The puff of flame misses you.
You hit Sigmund but do no damage.
Sigmund is heavily wounded.
Sigmund casts a spell at you.
You are confused.
You barely miss Sigmund.
Sigmund is heavily wounded.
Sigmund hits you with a +0 scythe.
You're too confused to cast spells.
Unknown command.
Unknown command.
You closely miss Sigmund.
Sigmund is heavily wounded.
Sigmund looks at you with fury.
Sigmund zaps a wand.
The puff of flame hits you!
You bump into the rock wall.
Sigmund hits you with a +0 scythe!
* * * LOW HITPOINT WARNING * * *
You bump into the rock wall.
You bump into the rock wall.
Sigmund zaps a wand.
The puff of flame hits you.
You die...

##### #...# ## #.#.#
#. ####.#.#### ##.
#####....#....######..
#....@#######.........
#.###@...#..<......)†<
####.#..##..#.####
#........###.
....##....##.# ####
#....#.## # #....##.#
#.##....###.
..........#.


You could see Sigmund.

Vanquished Creatures
  Natasha (twice) (D:2)
  A gnoll (D:1)
  A worm (D:2)
  2 dart slugs (D:1)
  4 ball pythons
  4 endoplasms
  A giant cockroach (D:1)
  2 goblins
  3 hobgoblins
  8 jackals (D:1)
  A kobold (D:1)
  2 bats
  3 frilled lizards (D:1)
  A rat (D:1)
35 creatures vanquished.

Notes
Turn   | Place    | Note
-------+----------+-------------------------------------------
     0 | D:1      | pkoi the Draconian Conjurer began the quest for the Orb.
     0 | D:1      | Reached XP level 1. HP: 14/14 MP: 3/3
   134 | D:1      | Reached XP level 2. HP: 14/20 MP: 1/5
   505 | D:1      | Found Uplieq's Book Shoppe.
   593 | D:1      | Learned a level 2 spell: Searing Ray
   734 | D:1      | Reached XP level 3. HP: 6/26 MP: 0/6
  1781 | D:2      | Reached skill level 5 in Conjurations
  1853 | D:2      | Noticed Natasha
  1859 | D:2      | Killed Natasha
  1860 | D:2      | Reached XP level 4. HP: 20/33 MP: 1/8
  1883 | D:2      | Noticed Natasha
  2185 | D:2      | Killed Natasha
  2380 | D:2      | Noticed Sigmund
  2393 | D:2      | Killed from afar by Sigmund

Illustrated notes

Levels and vault maps discovered:
D:1:      lightli_arrival_flooded_house, layout_basic, serial_shops,
          nicolae_shop_advertising_works [nicolae_subvault_shop_adworks],
          hangedman_decor_peaks_small, grunt_decor_cap, kennysheep_nondescript,
          nicolae_concentric_dashed_squares_wild, minmay_statues_item
D:2:      layout_loops_ring, basic_altar, uniq_natasha, uniq_sigmund

Skill      XL: |  1  2  3  4 |
---------------+-------------+-----
Conjurations   | 5 |  5.4
Spellcasting   | 3 |  3.0
Dodging        | |  1.7
Stealth        | |  1.7

Action                   |  1- 3 |  4- 6 || total
-------------------------+-------+-------++-------
Melee: Unarmed           |    23 |       ||    23
       Tailslap          |     4 |       ||     4
       Whip              |    23 |    12 ||    35
 Cast: Magic Dart        |    59 |    15 ||    74
       Searing Ray       |       |     2 ||     2
Armor: Skin              |    20 |     5 ||    25
Dodge: Dodged            |    49 |    14 ||    63
